Map: [ESL] Alcyone

Players

trigger - Winner!

  • Race: Protoss Protoss
  • Spawn Location: 1:00

Future

  • Race: Terran Terran
  • Spawn Location: 7:00

Event: ESL SC2 Masters 2023 Winter (Regional)

VOD

Have the link to the VOD?

Description

Time

  • Played on: Nov. 4, 2023, 2:39 p.m.
  • Length: 12:00

All games in this series

Show
View Real Time Build Order
Export as new Build Order

trigger Protoss - Winner!

Build Orders: 1 Gate Expand, Blink Stalkers, Colossus Rush 

Get SALT Encoding   

  12  0:00  Probe  
  13  0:12  Probe  
  14  0:17  Pylon  
  14  0:24  Probe (Chrono Boost)  
  15  0:36  Gateway, Probe (Chrono Boost)  
  16  0:43  Probe (Chrono Boost)  
  16  0:46  Assimilator  
  17  0:51  Probe  
  18  1:03  Probe  
  19  1:15  Probe  
  20  1:24  Cybernetics Core  
  20  1:31  Nexus  
  20  1:35  Probe  
  21  1:42  Pylon  
  21  1:49  Assimilator  
  21  1:51  Probe  
  22  1:58  Adept (Chrono Boost)  
  22  1:59  Warp Gate (Chrono Boost)  
  24  2:03  Probe  
  25  2:15  Probe  
  26  2:18  Stalker (Chrono Boost)  
  28  2:27  Probe  
  29  2:32  Twilight Council  
  29  2:43  Probe x2 (Chrono Boost)  
  29  2:44  Gateway  
  31  2:54  Probe x2 (Chrono Boost)  
  31  2:58  Stalker  
  35  3:04  Probe  
  37  3:05  Probe  
  37  3:09  Blink  
  37  3:16  Probe  
  37  3:17  Probe  
  37  3:19  Pylon  
  39  3:27  Robotics Facility  
  39  3:28  Probe  
  39  3:30  Probe  
  41  3:40  Probe, Stalker  
  44  3:42  Probe  
  44  3:46  Stalker  
  47  3:52  Probe  
  47  3:54  Probe  
  48  4:03  Nexus  
  48  4:07  Probe  
  48  4:08  Stalker  
  51  4:16  Observer, Probe  
  53  4:19  Probe  
  53  4:23  Assimilator  
  53  4:25  Assimilator  
  53  4:28  Probe  
  53  4:31  Pylon  
  52  4:32  Probe  
  51  4:40  Probe  
  48  4:46  Stalker  
  48  4:47  Stalker  
  48  4:48  Probe (Chrono Boost)  
  54  4:56  Probe (Chrono Boost)  
  55  5:00  Pylon  
  55  5:01  Probe (Chrono Boost)  
  56  5:07  Probe (Chrono Boost)  
  56  5:08  Probe (Chrono Boost), Robotics Bay  
  56  5:12  Gateway, Pylon  
  57  5:15  Gateway  
  57  5:16  Probe (Chrono Boost)  
  57  5:17  Probe (Chrono Boost)  
  57  5:19  Probe (Chrono Boost)  
  60  5:25  Observer, Charge (Chrono Boost)  
  60  5:26  Probe (Chrono Boost)  
  60  5:27  Probe x2 (Chrono Boost)  
  63  5:31  Probe (Chrono Boost)  
  63  5:32  Probe (Chrono Boost)  
  63  5:33  Probe  
  66  5:36  Pylon  
  66  5:38  Observer (Chrono Boost)  
  67  5:43  Probe x2  
  67  5:46  Forge  
  67  5:49  Probe  
  70  5:52  Colossus (Chrono Boost)  
  70  5:55  Probe  
  77  5:58  Extended Thermal Lance  
  77  6:00  Probe  
  77  6:03  Gateway  
  78  6:08  Gateway  
  78  6:10  Pylon  
  78  6:14  Shield Battery  
  78  6:20  Sentry x2, Zealot, Shield Battery  
  78  6:22  Pylon  
  78  6:23  Pylon  
  84  6:27  Zealot  
  84  6:28  Protoss Ground Weapons Level 1 (Chrono Boost)  
  84  6:31  Probe x3  
  89  6:37  Assimilator  
  89  6:41  Colossus (Chrono Boost)  
  89  6:43  Probe  
  96  6:48  Zealot x4  
  104  7:02  Zealot x2  
  108  7:10  Probe  
  108  7:13  Zealot x2, Stalker x2  
  107  7:16  Probe  
  107  7:17  Probe  
  107  7:22  Probe  
  108  7:27  Zealot  
  108  7:28  Zealot  
  92  7:32  Colossus (Chrono Boost)  
  92  7:35  Stalker x2  
  92  7:36  Stalker x2  
  104  7:47  Probe  
  104  7:48  Stalker  
  104  7:49  Stalker  
  107  7:52  Probe  
  108  7:59  Stalker x3  
  108  8:00  Stalker  
  112  8:06  Nexus  
  112  8:08  Pylon  
  111  8:16  Colossus (Chrono Boost)  
  111  8:18  Probe  
  116  8:20  Zealot x2  
  116  8:23  Stalker  
  116  8:26  Probe x2  
  124  8:29  Forge  
  124  8:30  Probe  
  124  8:33  Pylon  
  125  8:37  Robotics Facility  
  125  8:38  Probe x2  
  125  8:41  Shield Battery  
  125  8:48  Photon Cannon  
  125  8:53  Observer  
  125  8:59  Protoss Ground Weapons Level 2 (Chrono Boost)  
  125  9:00  Gateway  
  125  9:02  Immortal (Chrono Boost), Pylon  
  125  9:04  Protoss Ground Armor Level 1 (Chrono Boost)  
  125  9:06  Pylon  
  125  9:08  Gateway  
  125  9:09  Photon Cannon  
  129  9:19  Stalker x2  
  129  9:22  Assimilator  
  133  9:25  Templar Archives  
  133  9:28  Gateway, Photon Cannon  
  133  9:31  Zealot x2  
  133  9:32  Zealot  
  133  9:34  Gateway  
  133  9:36  Immortal (Chrono Boost)  
  143  9:41  Immortal (Chrono Boost)  
  147  9:51  Pylon  
  147  9:56  Observer  
  147  10:02  Zealot x6  
  147  10:04  Warp Prism (Chrono Boost)  
  159  10:10  Stalker x2  
  169  10:17  Immortal (Chrono Boost)  
  167  10:22  Pylon  
  167  10:23  High Templar x4  
  167  10:25  Zealot  
  167  10:26  Zealot  
  167  10:27  Archon x2  
  179  10:29  Pylon  
  179  10:41  Immortal, Stalker x2  
  187  10:44  Pylon  
  187  10:57  Zealot x8  
  151  11:05  Colossus (Chrono Boost)  
  151  11:10  Stalker x2  
  143  11:13  Observer  
  143  11:19  Zealot x4  
  143  11:20  Nexus  
  149  11:26  Disruptor (Chrono Boost)  
  149  11:32  Stalker x4  
  158  11:36  Pylon  
  158  11:38  Zealot  
  158  11:39  Zealot  
  162  11:42  Zealot x2  
  162  11:52  Stalker x2  
  168  11:55  Shield Battery  
  168  11:56  Photon Cannon  
Show
View Real Time Build Order
Export as new Build Order

Future Terran 

Build Orders:  

Get SALT Encoding   

  12  0:00  SCV  
  13  0:12  SCV  
  14  0:17  Supply Depot  
  14  0:24  SCV  
  15  0:39  Barracks, SCV  
  16  0:43  Refinery  
  16  0:51  SCV  
  17  1:03  SCV  
  18  1:15  SCV  
  19  1:26  Marine  
  19  1:27  Orbital Command  
  20  1:47  Command Center  
  20  1:50  Factory  
  20  1:53  SCV  
  21  2:04  Barracks Reactor  
  21  2:05  SCV  
  21  2:06  Bunker  
  22  2:11  Supply Depot  
  22  2:18  SCV  
  23  2:31  Refinery  
  23  2:33  SCV  
  24  2:42  Starport  
  24  2:43  Hellion  
  26  2:45  Hellion, SCV  
  29  2:57  SCV  
  30  2:59  Orbital Command  
  30  3:05  Widow Mine  
  32  3:07  Widow Mine  
  32  3:09  SCV  
  35  3:19  Medivac  
  37  3:21  SCV  
  37  3:22  Supply Depot  
  37  3:25  SCV  
  41  3:27  Widow Mine  
  41  3:29  Widow Mine  
  43  3:35  SCV  
  43  3:37  Barracks Tech Lab, SCV  
  45  3:44  Supply Depot  
  45  3:47  SCV  
  46  3:49  SCV  
  46  3:50  Starport Tech Lab, Barracks  
  47  3:59  SCV  
  47  4:01  SCV  
  47  4:02  Siege Tank, Marine x2  
  54  4:06  Supply Depot  
  54  4:11  SCV  
  54  4:13  SCV  
  54  4:19  Marine x2  
  54  4:23  SCV  
  54  4:25  SCV  
  54  4:27  Barracks, Starport Reactor  
  55  4:35  SCV  
  55  4:37  Marine x2, SCV  
  59  4:41  Siege Tank  
  62  4:48  SCV  
  62  4:49  SCV  
  62  4:52  Stimpack, Marauder  
  60  4:55  Refinery, Supply Depot, Engineering Bay  
  60  4:56  Marine  
  60  4:57  Marine  
  58  5:00  SCV  
  58  5:01  SCV  
  58  5:02  Supply Depot  
  60  5:12  SCV  
  60  5:13  SCV, Marauder, Refinery  
  64  5:14  Marine x2  
  66  5:24  Terran Infantry Weapons Level 1, Factory Reactor  
  66  5:25  Supply Depot x2  
  67  5:32  Marauder, Marine x2  
  67  5:35  Marauder  
  72  5:39  Barracks  
  72  5:42  Barracks  
  72  5:43  SCV x2  
  74  5:50  Medivac  
  74  5:53  Medivac  
  74  5:55  Marine x2  
  80  5:59  Supply Depot, Marauder  
  80  6:03  Marauder  
  84  6:05  Widow Mine  
  86  6:19  Marine x2  
  86  6:20  Medivac  
  86  6:21  Marauder  
  86  6:23  Combat Shield, Supply Depot  
  86  6:25  Marauder  
  94  6:26  Marine  
  94  6:30  Marine  
  98  6:34  Medivac  
  98  6:37  Supply Depot x2, Marine x2  
  100  6:41  Marine  
  100  6:44  Widow Mine  
  105  6:47  Marauder  
  105  6:50  Marine x2  
  106  6:55  Marine  
  106  7:00  Marauder  
  107  7:02  Marine  
  107  7:04  Widow Mine  
  107  7:05  Widow Mine  
  107  7:07  Marine  
  107  7:08  Marauder  
  115  7:13  Marine  
  115  7:15  Marine  
  108  7:16  Viking  
  108  7:20  Marine  
  108  7:21  Marauder  
  111  7:25  Marine  
  111  7:29  Marauder  
  105  7:31  Marine  
  105  7:33  Marine  
  105  7:36  Viking  
  108  7:38  Marine  
  108  7:43  Marine, Marauder  
  107  7:48  Marine  
  107  7:50  Marine  
  106  7:51  Marine  
  106  7:56  Marine  
  103  8:01  Marine  
  103  8:04  Marauder  
  100  8:06  Marine  
  100  8:09  Viking x2, Marine, Marauder  
  107  8:13  Marine  
  107  8:19  Marine, Widow Mine  
  107  8:20  Widow Mine  
  107  8:24  Marine  
  107  8:25  Marauder  
  110  8:27  Terran Infantry Armor Level 1, Marine  
  110  8:29  Marine  
  110  8:31  Marine  
  113  8:36  Command Center  
  113  8:37  Marine  
  112  8:41  Medivac x2  
  112  8:46  Barracks Tech Lab  
  112  8:47  SCV x2  
  118  8:53  Marauder x2, Marine x2  
  124  8:59  Barracks Reactor  
  124  9:00  SCV x2  
  124  9:02  Ghost Academy  
  126  9:11  Viking x2, Marauder  
  126  9:12  Marine  
  126  9:13  Marine  
  134  9:25  Concussive Shells  
  134  9:27  Supply Depot x2  
  134  9:28  Marauder x2, SCV x2  
  140  9:32  Marine x2  
  142  9:47  Ghost, Marine x2  
  142  9:48  Medivac x2  
  142  9:49  Ghost x2  
  142  9:50  Orbital Command  
  154  9:54  Refinery  
  154  9:56  Refinery  
  154  9:58  Marine x2  
  156  10:08  Marine x2  
  158  10:15  Supply Depot  
  158  10:16  Marauder, SCV  
  158  10:17  SCV x2  
  163  10:23  Marine x2, Marauder x2  
  163  10:26  Marine  
  163  10:28  Medivac  
  172  10:33  Missile Turret  
  172  10:36  Medivac  
  172  10:38  Missile Turret, Marauder  
  172  10:39  Missile Turret  
  172  10:42  Marine x2  
  178  10:44  SCV x2  
  178  10:45  SCV  
  159  10:57  Marauder  
  159  10:59  Marauder x2  
  159  11:03  Marine x2  
  129  11:08  Marine x2  
  123  11:16  Medivac x2  
  123  11:18  Marauder  
  127  11:20  Marauder  
  127  11:21  Widow Mine x2, Marauder  
  127  11:25  Marine x2  
  136  11:31  Armory, Marine  
  136  11:32  Marine, Engineering Bay  
  141  11:45  Command Center  
Tags
 
Add a new tag
Caveats
  • Supply blocks, unpowered buildings, or Contaminate may cause inaccurate times.
  • Supply counts are checked every 10 seconds.